 Dungeon Crawl Stone Soup version 0.31-a0-692-gf03d1854d5 (webtiles) character file.

Game seed: 16486660173040589467

133 qw the Shooter (level 5, -3/32 HPs)
             Began as a Gargoyle Hunter on Sept 6, 2023.
             Slain by Grinder (8 damage)
             ... while paralysed by Grinder
             ... on level 3 of the Dungeon.
             The game lasted 00:00:45 (2195 turns).

qw the Shooter (Gargoyle Hunter)                    Turns: 2195, Time: 00:00:46

Health: -3/32      AC:  9    Str: 14    XL:     5   Next: 16%
Magic:  5/5        EV:  2    Int: 10    God:
Gold:   167        SH:  0    Dex: 17    Spells: 4/4 levels left

rFire   . . .        Y - +0 shortbow
rCold   . . .        (shield currently unavailable)
rNeg    + + .        d - +0 ring mail
rPois   inf          (no helmet)
rElec   +            (no cloak)
rCorr   +            (no gloves)
SInv    +            (no boots)
Will    .....        a - amulet of reflection
Stlth   +            b - ring of Otayxo {rElec rN+ rCorr Dex+2 SInv}
HPRegen 0.25/turn    (no ring)
MPRegen 0.09/turn

%: reflection
@: paralysed
A: sickness immunity, AC +4, negative energy resistance 1, electricity
resistance, torment resistance 1, petrification resistance
a: no special abilities


You were on level 3 of the Dungeon.
You visited 1 branch of the dungeon, and saw 3 of its levels.

You collected 167 gold pieces.


Innate Abilities, Weirdness & Mutations

You are immune to sickness and miasma.
Your stone body is resilient. (AC +4)
You are immune to poison.
You resist negative energy. (rN+)
You are resistant to electric shocks. (rElec)
You are resistant to unholy torment.
You are immune to petrification.


   Skills:
 - Level 3.0 Fighting
 + Level 5.8 Ranged Weapons
 - Level 1.2 Armour
 - Level 1.5 Dodging
 - Level 1.1 Stealth


You had 4 spell levels left.
You didn't know any spells.
Your spell library was empty.

Inventory:

Hand Weapons
 Y - a +0 shortbow (weapon)
Armour
 d - a +0 ring mail (worn)
Jewellery
 a - an amulet of reflection (around neck)
 b - the ring of Otayxo (left hand) {rElec rN+ rCorr Dex+2 SInv}
   (You acquired it on level 2 of the Dungeon)

   [ring of resist corrosion]

   Dex+2:     It affects your dexterity (+2).
   rElec:     It insulates you from electricity.
   rN+:       It protects you from negative energy.
   SInv:      It lets you see invisible.
   rCorr:     It protects you from acid and corrosion.
Scrolls
 c - a scroll of enchant weapon {unknown}
Potions
 f - a potion of might {unknown}

Dungeon Overview and Level Annotations

Branches:
Dungeon (3/15)

Altars:

Shops:
D:3 ::*([

Annotations:
D:1 1 runed translucent door
D:3 1 transporter, Grinder


Message History

Grinder is moderately wounded.
Grinder misses you.
You shoot an arrow. The arrow hits Grinder.
Grinder is moderately wounded.
Grinder hits you.
You writhe in agony.
Grinder hits you but does no damage.
You shoot an arrow. The arrow barely misses Grinder.
Grinder hits you but does no damage.
You shoot an arrow.
The arrow hits Grinder but does no damage.
Grinder is moderately wounded.
Grinder barely misses you.
You shoot an arrow. The arrow hits Grinder.
Grinder is moderately wounded.
Grinder gestures at you.
You suddenly lose the ability to move!
Grinder gestures at you.
You shrug off the repeated paralysis!
Grinder hits you.
You writhe in agony.
Grinder hits you.
You writhe in agony.
Grinder hits you but does no damage.
You can move again.
You shoot an arrow. The arrow barely misses Grinder.
Grinder hits you.
You writhe in agony.
You shoot an arrow.
The arrow hits Grinder but does no damage.
Grinder is moderately wounded.
Grinder closely misses you. Grinder hits you.
You writhe in agony.
You shoot an arrow. The arrow hits Grinder.
Grinder is heavily wounded.
Grinder hits you.
You shoot an arrow. The arrow hits Grinder!
Grinder is severely wounded.
Grinder closely misses you.
You shoot an arrow. The arrow hits Grinder.
Grinder is severely wounded.
Grinder gestures at you.
You suddenly lose the ability to move!
Grinder hits you!
You die...
Grinder says, "Now the real fun starts!"

#.##..#...##.#
#.##..#...##.#
#[##..#...##.#
#.##..#...##.#
#.##..#...##\#
#.....#...##.#
#####.#.....<# #
#...#####.##.#
#.#.......@5.#
######.#.#####.#.......
##.....(........+.......
#.^.#
#>.####.#.#####.#.......
#...# #.## #.#.#
#.#.###### #.\.#
#.#####.#.# #.#.# #...#
#.......#.# #.#.# #.^.#
#.####### #. .# #####
#.####### #.^.#


You could see Grinder.

Vanquished Creatures
  Jessica (D:3)
  5 adders
  2 worms (D:3)
  5 ball pythons
  3 endoplasms
  2 giant cockroaches
  7 goblins
  6 hobgoblins
  2 jackals (D:1)
  7 kobolds
  3 quokkas
  5 bats
  A frilled lizard (D:1)
  5 rats
54 creatures vanquished.

Notes
Turn   | Place    | Note
-------+----------+-------------------------------------------
     0 | D:1      | qw the Gargoyle Hunter began the quest for the Orb.
     0 | D:1      | Reached XP level 1. HP: 12/12 MP: 1/1
     0 | D:1      | 0 ||| qw: Version: 0.3-a-76-g4403597
     0 | D:1      | 0 ||| qw: Game counter: 352
     0 | D:1      | 0 ||| qw: Melee chars always use a shield: true
     0 | D:1      | 0 ||| qw: God list: Okawaru
     0 | D:1      | 0 ||| qw: Allow faded altars: false
     0 | D:1      | 0 ||| qw: Do Orc after clearing Dungeon:15 true
     0 | D:1      | 0 ||| qw: Do second Lair branch before Depths: true
     0 | D:1      | 0 ||| qw: Lair rune preference: random
     0 | D:1      | 0 ||| qw: Goals: Normal
     0 | D:1      | 0 ||| PLANNING D:1-11
     1 | D:1      | Found a runed translucent door.
    86 | D:1      | Reached XP level 2. HP: 17/17 MP: 2/2
   423 | D:1      | Reached XP level 3. HP: 21/21 MP: 3/3
   681 | D:1      | 681 ||| READING scroll labelled RICAERCHIASS.
   682 | D:1      | 682 ||| DRINKING 2 smoky emerald potions.
   683 | D:1      | 683 ||| DROPPING scroll of butterflies.
   684 | D:1      | 684 ||| DROPPING potion of magic.
   712 | D:2      | Reached skill level 5 in Ranged Weapons
   983 | D:2      | Reached skill level 3 in Fighting
  1124 | D:2      | Reached XP level 4. HP: 28/28 MP: 4/4
  1460 | D:2      | 1460 ||| UPGRADING to amulet of reflection.
  1465 | D:2      | 1465 ||| DROPPING ring of wizardry.
  1466 | D:2      | 1466 ||| READING scroll labelled YNIBLEMY VECH.
  1470 | D:2      | 1470 ||| READING scroll labelled ROSOYS YDYTA.
  1571 | D:2      | 1571 ||| READING scroll labelled OCEARCH JAPINUMP.
  1571 | D:2      | Identified a scroll of acquirement
  1571 | D:2      | 1571 ||| ACQUIRING ring of Otayxo {rElec rN+ rCorr Dex+2
                  | SInv}
  1571 | D:2      | Acquired the ring of Otayxo {rElec rN+ rCorr Dex+2 SInv}
  1573 | D:2      | 1573 ||| UPGRADING to ring of Otayxo {rElec rN+ rCorr Dex+2
                  | SInv}.
  1574 | D:2      | 1574 ||| READING scroll labelled HIENESHR RYOQA.
  1575 | D:2      | 1575 ||| READING scroll labelled LEMUTA KOCO.
  1576 | D:2      | 1576 ||| READING scroll labelled VAUMOM ROFFIU.
  1604 | D:3      | Found a faded altar of an unknown god.
  1621 | D:3      | 1621 ||| UPGRADING to +0 ring mail.
  1645 | D:3      | 1645 ||| UPGRADING to +0 leather armour.
  1650 | D:3      | 1650 ||| UPGRADING to +0 ring mail.
  1660 | D:3      | 1660 ||| DROPPING +0 leather armour.
  1671 | D:3      | Found Jokhaw's Armour Boutique.
  1679 | D:3      | Found Kicogih's Antique Weapon Emporium.
  1680 | D:3      | 1680 ||| SHOPLISTING +2 ring mail of Sandy Life {rF- rN+
                  | rCorr} (333 gold, have 148).
  1680 | D:3      | 1680 ||| SHOPLISTING +3 ring mail of the Cicada {rPois
                  | rCorr Dex-5 SInv} (413 gold, have 148).
  1696 | D:3      | Found a transporter.
  1698 | D:3      | Found Qoginuwo's General Store.
  1763 | D:3      | Reached skill level 1 in Armour
  1764 | D:3      | HP: 7/28 [worm (4)]
  1925 | D:3      | Found Elofef's Book Shoppe.
  2004 | D:3      | Noticed Jessica
  2006 | D:3      | Killed Jessica
  2007 | D:3      | Reached XP level 5. HP: 32/32 MP: 5/5
  2163 | D:3      | Found Buufyeph's Book Emporium.
  2174 | D:3      | Noticed Grinder
  2185 | D:3      | Paralysed by Grinder for 5 turns
  2191 | D:3      | HP: 8/32 [Grinder (2)]
  2194 | D:3      | Paralysed by Grinder for 3 turns
  2195 | D:3      | Slain by Grinder

Levels and vault maps discovered:
D:1:      dpeg_arrival_caged_fury, layout_loops_ring, corexii_hall_statues_l
D:2:      layout_basic
D:3:      layout_basic, ebering_ecumenical_altar_petrified, serial_shops, shop,
          nicolae_shop_drivethru, nicolae_shop_gibbet_a_chance,
          nicolae_book_shop_shelving, shop, uniq_grinder, uniq_jessica

Skill      XL: |  1  2  3  4 |
---------------+-------------+-----
Ranged Weapons | 5 |  5.8
Fighting       | 3 |  3.0
Armour         | 1 |  1.2
Dodging        | |  1.5
Stealth        | |  1.1

Action                     |  1- 3 |  4- 6 || total
---------------------------+-------+-------++-------
   Fire: Shortbow          |    75 |    77 ||   152
    Use: Scroll            |     1 |     6 ||     7
         Potion            |     1 |       ||     1
 Armour: Leather armour    |    21 |     1 ||    22
         Ring mail         |       |    22 ||    22
         Skin              |       |     4 ||     4
  Dodge: Dodged            |    12 |    21 ||    33
  Block: Other             |       |     3 ||     3

Table legend:
 A = Non-vault XP
 B = Vault XP
 C = Vault XP percentage of total XP
 D = Non-vault monster count
 E = Vault monster count
 F = Vault count percentage of total count
                 A         B        C        D         E       F
            +---------+---------+-------+---------+---------+-------
      Total |     154 |      37 |  19.4 |      53 |       1 |   1.9
            +---------+---------+-------+---------+---------+-------
        D:1 |      38 |       0 |   0.0 |      21 |       0 |   0.0
        D:2 |      44 |       0 |   0.0 |      14 |       0 |   0.0
        D:3 |      72 |      37 |  33.9 |      18 |       1 |   5.3
            +---------+---------+-------+---------+---------+-------
